 Dungeon Crawl Stone Soup version 0.27-a0-1529-g1e82c303ef (webtiles) character file.

Game seed: 11394204578924721959

9873 Sin92 the Cleaver (level 11, -2/84 HPs)
             Began as a Demonspawn Fighter on July 11, 2021.
             Was a High Priest of Okawaru.
             Slain by a vampire (8 damage)
             ... on level 11 of the Dungeon on July 12, 2021.
             The game lasted 00:21:09 (10766 turns).

Sin92 the Cleaver (Demonspawn Fighter)             Turns: 10766, Time: 00:21:11

Health: -2/84      AC: 27    Str: 20    XL:     11   Next: 28%
Magic:  0/17       EV:  6    Int:  9    God:    Okawaru [*****.]
Gold:   554        SH: 14    Dex: 13    Spells: 10/10 levels left

rFire    + . .     SeeInvis .   a - +2 war axe (venom)
rCold    + . .     Faith    .   c - +0 kite shield
rNeg     . . .     Spirit   +   f - +1 plate armour {rPois}
rPois    +         Reflect  .   m - +1 hat
rElec    +         Harm     .   i - +0 cloak
rCorr    +         Rampage  .   (no gloves)
Will     .....                  e - +0 pair of boots
Stlth    ..........             n - amulet of guardian spirit
HPRegen  0.24/turn              (no ring)
MPRegen  0.15/turn              (no ring)

@: resistant, finesse-ful, sanguine armoured
A: claws 2, icemail 1, powered by death 2, sanguine armour 1, condensation
shield
a: Renounce Religion, Heroism, Finesse


You were on level 11 of the Dungeon.
You worshipped Okawaru.
Okawaru was extremely pleased with you.
You visited 1 branch of the dungeon, and saw 11 of its levels.

You collected 554 gold pieces.

Inventory:

Hand Weapons
 a - a +2 war axe of venom (weapon)
Missiles
 l - 2 curare-tipped darts (quivered)
Armour
 c - a +0 kite shield (worn)
 e - a +0 pair of boots (worn)
 f - a +1 plate armour of poison resistance (worn)
 i - a +0 cloak (worn)
 m - a +1 hat (worn)
Jewellery
 n - an amulet of guardian spirit (around neck)
 r - a ring of magical power
Wands
 h - a wand of mindburst (10)
 s - a wand of polymorph (15)
 v - a wand of paralysis (11)
 w - a wand of acid (7)
Scrolls
 g - a scroll of magic mapping
 p - a scroll of identify
Potions
 b - a potion of magic
 d - a potion of attraction
 j - 2 potions of flight
 q - 9 potions of degeneration
 t - 2 potions of curing
 u - a potion of heal wounds


   Skills:
 + Level 7.4 Fighting
 * Level 9.1 Axes
 + Level 6.8 Armour
 - Level 6.1 Dodging
 + Level 6.8 Shields
 - Level 8.1 Invocations


You had 10 spell levels left.
You didn't know any spells.
Your spell library contained the following spells:

 Spells                   Type           Power      Damage    Failure   Level
 Foxfire                  Conj/Fire      0%         2x1d4     100%        1
 Freeze                   Ice            0%         1d3       100%        1
 Summon Small Mammal      Summ           0%         N/A       100%        1
 Corpse Rot               Necr/Air       N/A        N/A       100%        2
 Call Canine Familiar     Summ           0%         N/A       100%        3
 Conjure Flame            Conj/Fire      0%         6-21      100%        3
 Frozen Ramparts          Ice            0%         1d2       100%        3
 Inner Flame              Hex/Fire       0%         N/A       100%        3
 Summon Guardian Golem    Hex/Summ       0%         N/A       100%        3
 Dispel Undead            Necr           0%         3d6       100%        4
 Fulminant Prism          Conj/Hex       0%         3d6       100%        4
 Hailstorm                Conj/Ice       0%         3d3       100%        4
 Ice Form                 Ice/Tmut       0%         N/A       100%        4
 Iskenderun's Mystic Bla  Conj/Tloc      0%         2d3       100%        4
 Summon Ice Beast         Ice/Summ       0%         N/A       100%        4
 Lee's Rapid Deconstruct  Erth           0%         3d5*      100%        5
 Death Channel            Necr           0%         N/A       100%        6


Dungeon Overview and Level Annotations

Branches:
Dungeon (11/15)            Temple (0/1) D:7            Lair (0/6) D:10
    Orc (0/2) D:9

Altars:
Dithmenos
Elyvilon
Fedhas
Makhleb
Okawaru
Qazlal
Ru
Trog
Uskayaw
Vehumet
Wu Jian
Xom
Yredelemnul

Shops:
D:10 *

Portals:
Trove: D:10 (give 12 potions of heal wounds)


Innate Abilities, Weirdness & Mutations

You have very sharp fingernails.
A meltable icy envelope protects you from harm. (AC +4)
You regenerate health from kills.
When seriously injured, your bleeding wounds create armour. (AC +6)
A meltable shield of frost defends you. (SH +4)


Message History

The vampire bites you but does no damage.
You hit the skeletal warrior but do no damage.
The skeletal warrior is heavily damaged.
You hit the vampire but do no damage.
You hit the skeletal warrior but do no damage.
The skeletal warrior is heavily damaged.
You hit the vampire. You block the vampire's attack. x2
The skeletal warrior barely misses you.
You hit the skeletal warrior.
The skeletal warrior is heavily damaged.
You hit the vampire but do no damage.
You block the skeletal warrior's attack.
The vampire casts a spell.
The vampire flickers and vanishes!
Deactivating autopickup; reactivate with Ctrl-A.
You hit the skeletal warrior.
The skeletal warrior is heavily damaged.
You hit something but do no damage. You hit the skeletal warrior.
The skeletal warrior is severely damaged.
You hit something.
You block the skeletal warrior's attack.
Something hits you.
* * * LOW HITPOINT WARNING * * *
Something bites you but does no damage.
You barely miss the skeletal warrior.
The skeletal warrior is severely damaged.
You closely miss something.
The skeletal warrior hits you but does no damage.
Something hits you but does no damage. You block something's attack.
You slash the skeletal warrior!
The skeletal warrior is severely damaged.
You closely miss something. You barely miss the skeletal warrior.
The skeletal warrior is severely damaged.
You barely miss something.
The skeletal warrior hits you with a +0 war axe.
* * * LOW HITPOINT WARNING * * *
Something hits you but does no damage. Something bites you!
You die...

..............#
.............#
.............#
############.#
........#
......zz#
#######z# #z#
#@# #{# ..#
...# ....#
.....# ......#
.......#


You could see 4 skeletal warriors.

Vanquished Creatures
  A boulder beetle (D:8)
  A two-headed ogre (D:10)
  2 skeletal warriors (D:11)
  Maurice (D:11)
  3 trolls
  Prince Ribbit (D:9)
  2 hornets (D:8)
  A wraith (D:10)
  A wyvern (D:9)
  3 yaks (D:8)
  Menkaure (D:6)
  An acid dragon (D:9)
  7 orc warriors
  A swamp drake (D:9)
  A sky beast (D:6)
  4 ogres
  2 necrophages (D:6)
  2 wolves (D:10)
  3 centaurs
  3 kobold brigands
  3 bullfrogs
  A gnoll sergeant (D:6)
  2 scorpions
  6 killer bees (D:9)
  3 wights (D:10)
  4 howler monkeys
  5 electric eels
  2 centaur zombies
  9 orc priests
  Crazy Yiuf (D:5)
  4 bullfrog skeletons
  8 hounds
  4 gnoll shamans (D:7)
  4 iguanas
  9 orc wizards
  Natasha (thrice) (D:2)
  4 killer bee zombies
  A hound zombie (D:5)
  12 gnolls
  5 adders
  2 ufetubi (D:5)
  A worm (D:5)
  2 dart slugs
  30 orcs
  6 ball pythons
  9 endoplasms
  A giant cockroach (D:1)
  8 goblins
  5 hobgoblins
  9 jackals
  16 kobolds
  2 quokkas
  2 bats (D:1)
  4 frilled lizards
  4 rats
232 creatures vanquished.

Vanquished Creatures (others)
  6 fungi (D:7)
  15 plants (D:7)
21 creatures vanquished.

Grand Total: 253 creatures vanquished

Notes
Turn   | Place    | Note
-------+----------+-------------------------------------------
     0 | D:1      | Sin92 the Demonspawn Fighter began the quest for the Orb.
     0 | D:1      | Reached XP level 1. HP: 18/18 MP: 1/1
    55 | D:1      | Reached skill level 2 in Axes
    67 | D:1      | Gained mutation: You regenerate a little health from kills.
                  | [demonic ancestry]
    67 | D:1      | Reached XP level 2. HP: 7/24 MP: 2/2
   662 | D:1      | Gained mutation: You regenerate health from kills. [demonic
                  | ancestry]
   662 | D:1      | Reached XP level 3. HP: 29/29 MP: 3/3
   960 | D:2      | Found a shimmering altar of Xom.
  1379 | D:2      | Noticed Natasha
  1390 | D:2      | Killed Natasha
  1391 | D:2      | Reached skill level 1 in Dodging
  1391 | D:2      | Gained mutation: A meltable shield of frost defends you.
                  | (SH +4) [demonic ancestry]
  1391 | D:2      | Reached XP level 4. HP: 27/35 MP: 4/4
  1512 | D:2      | Noticed Natasha
  1526 | D:2      | Killed Natasha
  1541 | D:2      | Noticed Natasha
  1550 | D:2      | Killed Natasha
  1551 | D:2      | Reached skill level 3 in Axes
  2372 | D:3      | Reached XP level 5. HP: 41/41 MP: 5/5
  2578 | D:4      | Found a large runed translucent door.
  2578 | D:4      | Found a large runed translucent door.
  3354 | D:4      | Gained mutation: When seriously injured, your bleeding
                  | wounds create armour. (AC +6) [demonic ancestry]
  3354 | D:4      | Reached XP level 6. HP: 47/48 MP: 4/6
  3379 | D:4      | Found an iron altar of Okawaru.
  3383 | D:4      | Became a worshipper of Warmaster Okawaru
  3450 | D:5      | Entered Level 5 of the Dungeon
  3620 | D:5      | Found a runed translucent door.
  3621 | D:5      | Noticed Crazy Yiuf
  3702 | D:5      | Reached skill level 4 in Axes
  3702 | D:5      | Reached skill level 1 in Invocations
  3914 | D:5      | Reached XP level 7. HP: 39/54 MP: 5/8
  4122 | D:5      | Found an ornate altar of the Wu Jian Council.
  4445 | D:5      | Killed Crazy Yiuf
  4445 | D:5      | Reached * piety under Okawaru
  4656 | D:6      | Noticed Menkaure
  4663 | D:6      | Killed Menkaure
  4664 | D:6      | Reached skill level 5 in Axes
  4664 | D:6      | Gained mutation: A meltable icy envelope protects you from
                  | harm. (AC +4) [demonic ancestry]
  4664 | D:6      | Reached XP level 8. HP: 24/61 MP: 3/10
  4840 | D:6      | Found a burning altar of Makhleb.
  5179 | D:6      | Reached ** piety under Okawaru
  5180 | D:6      | Reached skill level 5 in Fighting
  5597 | D:7      | Reached skill level 6 in Axes
  5868 | D:7      | Found a basalt altar of Yredelemnul.
  5868 | D:7      | Found a radiant altar of Vehumet.
  5868 | D:7      | Found a blossoming altar of Fedhas.
  5981 | D:7      | Found a sacrificial altar of Ru.
  6223 | D:7      | Gained mutation: You have sharp fingernails. [demonic
                  | ancestry]
  6223 | D:7      | Reached XP level 9. HP: 46/68 MP: 7/12
  6364 | D:7      | Reached skill level 5 in Armour
  6384 | D:7      | Reached skill level 5 in Shields
  6411 | D:7      | Reached skill level 5 in Invocations
  6414 | D:7      | Reached *** piety under Okawaru
  6702 | D:7      | Found a staircase to the Ecumenical Temple.
  7037 | D:7      | Reached skill level 7 in Axes
  7216 | D:8      | Noticed a boulder beetle
  7242 | D:8      | Killed a boulder beetle
  7242 | D:8      | Reached **** piety under Okawaru
  7243 | D:8      | Reached XP level 10. HP: 31/76 MP: 1/14
  7378 | D:8      | Paralysed by a hornet for 2 turns
  7382 | D:8      | Reached skill level 5 in Dodging
  7755 | D:9      | Found a shadowy altar of Dithmenos.
  7874 | D:9      | Noticed Prince Ribbit
  7885 | D:9      | Reached ***** piety under Okawaru
  7886 | D:9      | Reached skill level 8 in Axes
  7892 | D:9      | Killed Prince Ribbit
  8302 | D:9      | Received a gift from Okawaru
  8618 | D:9      | Found a staircase to the Orcish Mines.
  8800 | D:9      | Found a stormy altar of Qazlal.
  8816 | D:9      | Found a bloodstained altar of Trog.
  8891 | D:9      | Found a hide-covered altar of Uskayaw.
  8953 | D:10     | Entered Level 10 of the Dungeon
  8983 | D:10     | Noticed a two-headed ogre
  8992 | D:10     | Killed a two-headed ogre
  9427 | D:10     | Found a staircase to the Lair.
  9464 | D:10     | Gained mutation: You have very sharp fingernails. [demonic
                  | ancestry]
  9464 | D:10     | Reached XP level 11. HP: 68/84 MP: 11/16
  9494 | D:10     | Found Veen's General Store.
  9588 | D:10     | Found a portal to a secret trove of treasure.
 10198 | D:11     | Noticed Maurice
 10208 | D:11     | Killed Maurice
 10209 | D:11     | Reached skill level 9 in Axes
 10216 | D:11     | Noticed a skeletal warrior
 10217 | D:11     | Noticed a skeletal warrior
 10547 | D:11     | Killed a skeletal warrior
 10562 | D:11     | Killed a skeletal warrior
 10724 | D:11     | Noticed a skeletal warrior
 10726 | D:11     | Noticed a skeletal warrior
 10726 | D:11     | Noticed a skeletal warrior
 10732 | D:11     | Noticed a skeletal warrior
 10766 | D:11     | Slain by a vampire

Illustrated notes

Levels and vault maps discovered:
D:1:      dpeg_arrival_court, layout_rooms, minmay_misc_feat_iff
D:2:      layout_rooms, basic_altar, kennysheep_flooded_box, interstate_on_off,
          uniq_natasha
D:3:      layout_loops_corners, kennysheep_another_room,
          grunt_decor_mini_mirrors
D:4:      layout_loops_ring, jmf_multi_god_temple2
D:5:      layout_gridville, nicolae_wu_jian_wuxing_cycle,
          uniq_crazy_yiuf_cottage
D:6:      layout_loops_ring, mainiacjoe_overflow_tiny_flanked, uniq_menkaure
D:7:      kennysheep_seaside_town, layout_rooms, mainiacjoe_overflow_paths,
          gammafunk_temple_overflow_forgotten,
          minmay_temple_entry_enclosed_plants, serial_bayou,
          serial_bayou_pond_c, serial_bayou_ford_a, serial_bayou_lake_a,
          serial_bayou_crossing
D:8:      layout_gridville
D:9:      layout_cave_pods, nicolae_overflow_crystal_walls,
          nicolae_dithmenos_the_darkroom, bloody_trog,
          mainiacjoe_overflow_boulevard, erik_orc_1, kennysheep_generic_room_4,
          uniq_prince_ribbit1
D:10:     layout_roguey, erik_lair_island, serial_shops,
          nicolae_shop_waterfront, nicolae_trove_entry_crystal
D:11:     layout_long_grid, minmay_fractal_squares_diagonal_5, uniq_maurice

Skill      XL: |  1  2  3  4  5  6  7  8  9 10 11 |
---------------+----------------------------------+-----
Axes           | 2 3 4 5 6 7 8 9 |  9.1
Armour         | 3 4 5 6 |  6.8
Dodging        | 1 2 3 4 5 6 |  6.1
Shields        | 3 4 5 6 |  6.8
Fighting       | 4 5 6 7 |  7.4
Invocations    | 1 2 4 6 7 8 |  8.1

Action                   |  1- 3 |  4- 6 |  7- 9 | 10-12 || total
-------------------------+-------+-------+-------+-------++-------
Melee: War axe           |    95 |   123 |   292 |   304 ||   814
Invok: Heroism           |       |       |       |     1 ||     1
       Finesse           |       |       |       |     1 ||     1
  Use: Potion            |     2 |     1 |     7 |     2 ||    12
       Scroll            |     1 |    12 |     3 |     3 ||    19
 Stab: Invisible         |       |       |     1 |       ||     1
       Confused          |       |       |       |     1 ||     1
Armor: Scale mail        |    38 |       |       |       ||    38
       Chain mail        |    30 |    70 |   152 |       ||   252
       Plate armour      |       |       |    29 |   188 ||   217
Dodge: Dodged            |    39 |    27 |    82 |    73 ||   221
Block: Kite shield       |    66 |    96 |   248 |   298 ||   708

Table legend: (Time is in decaauts)
 A = Elapsed time spent in this place.
 B = Non-inter-level travel time spent in this place.
 C = Inter-level travel time spent in this place.
 D = Time resting spent in this place.
 E = Time spent auto-exploring this place.
 F = Levels seen in this place.
 G = Mean time per level.
                   A        B        C        D        E       F      G
               +--------+--------+--------+--------+--------+-----+--------+
         Total |  11103 |  10755 |    348 |   1312 |   7222 |  11 | 1009.4 |
       Dungeon |  11103 |  10755 |    348 |   1312 |   7222 |  11 | 1009.4 |
               +--------+--------+--------+--------+--------+-----+--------+

Top non-repeatable levels by time:
     D:7: 1639 daAuts
    D:10: 1485 daAuts
     D:9: 1248 daAuts
     D:5: 1162 daAuts
     D:6: 1027 daAuts
     D:1: 1000 daAuts
     D:4: 925 daAuts
     D:2: 885 daAuts
     D:3: 763 daAuts
     D:8: 632 daAuts
    D:11: 333 daAuts
